 Dungeon Crawl Stone Soup version 0.29.1-15-g9cfb28693d (webtiles) character file.

Game seed: 8762487777361133908

132370 KamiKatze the Eclecticist (level 16, -6/94 HPs)
             Began as a Deep Elf Conjurer on Apr 3, 2023.
             Was a High Priest of Vehumet.
             Killed from afar by a shock serpent (20 damage)
             ... with a bolt of electricity
             ... on level 3 of the Snake Pit on Apr 4, 2023.
             The game lasted 02:43:15 (35599 turns).

KamiKatze the Eclecticist (Deep Elf Conjurer)      Turns: 35599, Time: 02:43:16

Health: -6/94      AC:  7    Str:  4    XL:     16   Next: 57%
Magic:  26/41      EV: 14    Int: 32    God:    Vehumet [*****.]
Gold:   2688       SH:  8    Dex: 13    Spells: 13/54 levels left

rFire   + . .      SeeInvis .   p - staff of poison
rCold   . . .      Faith    .   N - +3 warlock's mirror {reflect}
rNeg    . . .      Spirit   .   L - +2 robe {Will+}
rPois   +          Reflect  +   Q - +0 hat {Will+}
rElec   .          Harm     .   u - +0 cloak
rCorr   .          Rampage  .   l - +0 pair of gloves
Will    +++..                   P - +0 pair of boots
Stlth   ++++......              f - amulet of regeneration
HPRegen 1.05/turn               K - ring of flight
MPRegen 0.27/turn               D - ring of protection from fire

@: flying
A: no striking features
a: Renounce Religion


You were on level 3 of the Snake Pit.
You worshipped Vehumet.
Vehumet was extremely pleased with you.
You visited 6 branches of the dungeon, and saw 27 of its levels.

You collected 3228 gold pieces.
You spent 540 gold pieces at shops.

Inventory:

Missiles
 d - 56 poisoned darts
 h - 18 curare-tipped darts
 T - 5 throwing nets
Armour
 j - a +2 robe of fire resistance
 l - a +0 pair of gloves (worn)
 u - a +0 cloak (worn)
 I - a +1 robe of cold resistance
 L - a +2 robe of willpower (worn)
 N - the +3 warlock's mirror (worn) {reflect}
   (You took it off a kobold brigand on level 10 of the Dungeon)

   It can block and reflect piercing ranged attacks and magical attacks against
   the wielder's willpower.
 P - a +0 pair of boots (worn)
 Q - a +0 hat of willpower (worn)
Magical Staves
 c - a staff of conjuration
 p - a staff of poison (weapon)
 v - a staff of earth
Jewellery
 f - an amulet of regeneration (around neck)
 i - a +6 ring of dexterity
 t - a ring of fire
 B - a ring of ice
 D - a ring of protection from fire (right hand)
 K - a ring of flight (left hand)
 R - a ring of ice
 Y - a +6 ring of strength
Wands
 q - a wand of flame (21)
 A - a wand of roots (31)
 G - a wand of mindburst (28)
 O - a wand of digging (1)
 V - a wand of polymorph (9)
Scrolls
 a - 2 scrolls of butterflies
 g - 6 scrolls of magic mapping
 m - 4 scrolls of blinking
 w - 14 scrolls of teleportation
 y - 2 scrolls of vulnerability
 F - 5 scrolls of fear
 J - 13 scrolls of identify
 Z - 3 scrolls of poison
Potions
 b - 3 potions of magic
 e - 2 potions of might
 k - 2 potions of cancellation
 n - 5 potions of lignification
 o - 2 potions of ambrosia
 r - 3 potions of heal wounds
 s - a potion of mutation
 x - 3 potions of attraction
 C - 5 potions of brilliance
 E - 2 potions of invisibility
 S - 8 potions of haste
 X - 12 potions of curing
Miscellaneous
 U - a condenser vane
 W - a tin of tremorstones (2/2) (quivered)


   Skills:
 + Level 8.4 Fighting
 - Level 2.0 Throwing
 - Level 6.0 Dodging
 - Level 9.0 Stealth
 - Level 4.0 Shields
 * Level 19.5 Spellcasting
 * Level 16.9 Conjurations
 - Level 10.0 Hexes
 - Level 10.0 Translocations
 + Level 10.1 Fire Magic
 * Level 9.8 Earth Magic
 - Level 2.0 Evocations


You had 13 spell levels left.
You knew the following spells:

 Your Spells              Type           Power      Damage    Failure   Level
a - Magic Dart            Conj           100%       1d8       0%          1
b - Searing Ray           Conj           100%       2d8       0%          2
c - Fulminant Prism       Conj/Hex       43%        3d20      1%          4
d - Iskenderun's Mystic   Conj/Tloc      87%        2d17      1%          4
e - Lee's Rapid Deconstr  Erth           38%        3d20*     1%          5
f - Iron Shot             Conj/Erth      43%        9d8       1%          6
g - Starburst             Conj/Fire      43%        6d12      1%          6
h - Orb of Destruction    Conj           48%        9d13      1%          7
m - Mephitic Cloud        Conj/Pois/Air  79%        N/A       1%          3
t - Tukima's Dance        Hex            76%        N/A       1%          3

Your spell library contained the following spells:

 Spells                   Type           Power      Damage    Failure   Level
 Dazzling Flash           Conj/Hex       100%       N/A       0%          3
 Stone Arrow              Conj/Erth      100%       3d13      0%          3
 Necrotise                Necr           100%       1d9       1%          1
 Sandblast                Erth           100%       2d20      1%          1
 Summon Small Mammal      Summ           100%       N/A       1%          1
 Blink                    Tloc           100%       N/A       1%          2
 Ensorcelled Hibernation  Hex/Ice        100%       N/A       1%          2
 Passwall                 Tmut/Erth      48%        N/A       1%          2
 Poisonous Vapours        Pois/Air       92%        N/A       1%          2
 Lesser Beckoning         Tloc           76%        N/A       1%          3
 Summon Guardian Golem    Hex/Summ       58%        N/A       1%          3
 Passage of Golubria      Tloc           76%        N/A       1%          4
 Manifold Assault         Tloc           76%        N/A       1%          5
 Yara's Violent Unravell  Hex/Tmut       29%        3d12      1%          5
 Call Canine Familiar     Summ           31%        N/A       4%          3
 Swiftness                Air            31%        N/A       4%          3
 Vampiric Draining        Necr           31%        2d8       4%          3
 Silence                  Hex/Air        29%        N/A       5%          5
 Lehudib's Crystal Spear  Conj/Erth      43%        10d10     11%         8
 Corpse Rot               Necr/Pois/Air  46%        N/A       14%         4
 Agony                    Necr           31%        N/A       38%         5


Dungeon Overview and Level Annotations

Branches:
Dungeon (15/15)            Temple (1/1) D:7            Lair (5/5) D:11
 Shoals (0/4) Lair:2        Snake (3/4) Lair:2        Slime (0/5) Lair:5
    Orc (2/2) D:12            Elf (1/3) Orc:2        Vaults (0/5) D:13
 Depths (0/4) D:15

Altars:
Ashenzari
Cheibriados
Dithmenos
Elyvilon
Fedhas
Gozag
Hepliaklqana
Kikubaaqudgha
Makhleb
Nemelex Xobeh
Okawaru
Qazlal
Ru
Sif Muna
Trog
Uskayaw
Vehumet
Wu Jian
Xom
Yredelemnul
Zin
The Shining One
Jiyva

Shops:
D:4 (   D:11 ?   D:15 (   Orc:1 ?   Orc:2 =?**!

Portals:
Hell: Lair:5
Abyss: D:11

Annotations:
D:14 2 transporters, Cown's ghost, journeyman TrHu
D:15 exclusion: obsidian statue


Message History

There is a stone staircase leading up here.
Unknown command.
Casting: Iskenderun's Mystic Blast (safe; 1% risk of failure)
Confirm with . or Enter, or press ? or * to list all spells.
Aiming: Orb of Destruction (dangerous; 1% risk of failure)
Press: ? - help, Shift-Dir - straight line, f - shock serpent
Aim: a shock serpent Unknown command.
Your orb of destruction hits a rock wall.
Casting: Orb of Destruction (dangerous; 1% risk of failure)
Confirm with . or Enter, or press ? or * to list all spells.
Aiming: Lee's Rapid Deconstruction (mildly dangerous; 1% risk of failure)
Press: ? - help, Dir - move target, p - shock serpent A rock wall.
The wall shatters!
The blast of rock fragments hits the shock serpent!!
The shock serpent is heavily wounded.
You hear a shout!
The shock serpent shoots out a bolt of lightning at you!
The bolt of electricity misses you. The bolt of electricity hits you!!
Casting: Lee's Rapid Deconstruction (mildly dangerous; 1% risk of failure)
Confirm with . or Enter, or press ? or * to list all spells.
You erupt in a blast of force!
The mystic blast hits the shock serpent.
The shock serpent is severely wounded.
The shock serpent is knocked back by the mystic blast.
The shock serpent shoots out a bolt of lightning at you!
The bolt of electricity hits the black mamba!!
The bolt of electricity hits you!! x2
* * * LOW HITPOINT WARNING * * *
Casting: Iskenderun's Mystic Blast (safe; 1% risk of failure)
Confirm with . or Enter, or press ? or * to list all spells.
You can't see any susceptible monsters within range! (Use Z to cast anyway.) Unknown command.
The shock serpent shoots out a bolt of lightning at you!
The bolt of electricity hits the black mamba!
The bolt of electricity hits you!
* * * LOW HITPOINT WARNING * * *
The bolt of electricity hits you!!
You die...

.#..... .N...)N
......# .......
#S....
#.)....######.....
#..).N†<†........
##...).†.NS......
#..).......?...#
###......###S..#
#.....## #.@#
#..#... ##.#
..#.... ### ...
####.


You could see a nagaraja, an anaconda, a shock serpent and a black mamba.

Vanquished Creatures
  Jorgrun (Snake:2)
  Gastronok (D:10)
  Kirke (Lair:3)
  Agnes (D:15)
  An orc warlord (Orc:2)
  The ghost of Henri the Severer, a journeyman MiFi of the Shining One (Orc:1)
  A minotaur (Orc:1)
  The ghost of EarthwalkerPL the Cleaver, a journeyman MiFi of Okawaru (D:10)
  3 dire elephants
  A merfolk impaler (Orc:1)
  Snorg (D:10)
  The ghost of Henri the Tainter, a journeyman OpVM of Gozag (D:11)
  A merfolk javelineer (Orc:1)
  A fire dragon (D:15)
  Harold (Orc:1)
  Fannar (D:11)
  An ice dragon (D:15)
  2 boulder beetles
  Erolcha (D:10)
  2 rakshasas
  2 catoblepae
  A hell beast (Lair:5)
  6 hydras
  An ogre mage (D:13)
  3 anacondas
  6 centaur warriors
  3 two-headed ogres
  5 naga warriors
  2 death yaks
  2 tengu warriors
  A hell hog (D:11)
  A naga sharpshooter (Snake:2)
  5 hell knights (D:15)
  A deep elf knight (Elf:1)
  2 sun demons (D:15)
  Nergalle (Lair:1)
  A sixfirhy (D:15)
  A deep elf archer (Orc:1)
  An obsidian statue (D:15)
  5 mana vipers
  2 wizards
  4 orc knights
  A necromancer (D:13)
  6 lindwurms
  3 deep elf pyromancers
  3 oklob plants (D:11)
  3 manticores
  A wolf spider (D:15)
  6 cyclopes
  An orc sorcerer (Orc:1)
  2 salamanders
  16 ugly things
  A guardian serpent (Snake:1)
  Maurice (D:8)
  7 elephants
  3 torpor snails
  21 black mambas
  A toenail golem (D:11)
  2 rust devils (D:15)
  4 naga magi
  16 cane toads
  A gargoyle (D:13)
  4 kobold demonologists (D:10)
  11 orange demons
  A rime drake (shapeshifter) (D:13)
  4 rime drakes
  12 komodo dragons
  2 efreet
  2 tengu conjurers
  4 ice devils
  A komodo dragon (shapeshifter) (D:13)
  3 hellwings
  2 red devils (D:15)
  8 trolls
  4 polar bears
  10 blink frogs
  10 slime creatures
  Grinder (D:4)
  3 centaur simulacra
  A ynoxinul (D:15)
  37 yaks
  5 hogs (Lair:3)
  2 wraiths
  6 wyverns
  5 basilisks
  6 fire bats (Lair:4)
  A steam dragon (D:6)
  3 vampire mosquitoes (D:11)
  16 nagas
  Edmund (D:4)
  4 hell hounds (Lair:5)
  4 acid dragons
  17 water moccasins
  6 wargs
  55 orc warriors
  A meliai simulacrum (D:10)
  A sky beast (D:6)
  6 ice beasts
  4 black bears
  A black bear (shapeshifter) (D:15)
  26 centaurs
  7 ogres
  28 wolves
  A tengu (shapeshifter) (D:13)
  A phantom (D:4)
  13 kobold brigands
  A small abomination (D:11)
  Blork the orc (D:4)
  2 gnoll sergeants
  11 bullfrogs
  4 scorpions
  A necrophage (D:7)
  4 wights (D:8)
  11 killer bees
  10 howler monkeys
  4 electric eels (Lair:1)
  8 jellies
  19 orc priests
  6 hounds
  2 iguanas
  2 gnoll boudas
  23 orc wizards
  Natasha (thrice) (D:2)
  A boggart simulacrum (D:13)
  18 gnolls
  6 adders
  A howler monkey simulacrum (D:10)
  9 white imps
  4 ufetubi
  3 worms
  3 dart slugs
  86 orcs
  5 endoplasms
  4 giant cockroaches
  6 goblins
  10 hobgoblins
  9 jackals
  25 kobolds
  3 quokkas
  7 ball pythons
  8 bats
  3 frilled lizards
  12 rats
  A bush (Lair:5)
  A fulminant prism (Orc:1)
856 creatures vanquished.

Vanquished Creatures (others)
  A sixfirhy (D:15)
  A ynoxinul (D:15)
  597 fulminant prisms
  38 fungi
  67 plants
  8 toadstools (Lair:2)
712 creatures vanquished.

Grand Total: 1568 creatures vanquished

Notes
Turn   | Place    | Note
-------+----------+-------------------------------------------
     0 | D:1      | KamiKatze the Deep Elf Conjurer began the quest for the
                  | Orb.
     0 | D:1      | Reached XP level 1. HP: 10/10 MP: 6/6
   170 | D:1      | Reached XP level 2. HP: 15/15 MP: 8/8
   176 | D:1      | Learned a level 2 spell: Searing Ray
   238 | D:1      | Reached skill level 1 in Hexes
   494 | D:1      | Reached skill level 1 in Evocations
   583 | D:1      | Reached XP level 3. HP: 19/19 MP: 5/9
   735 | D:1      | Found a faded altar of an unknown god.
   967 | D:2      | Reached skill level 1 in Throwing
  1580 | D:2      | Noticed Natasha
  1586 | D:2      | Killed Natasha
  1587 | D:2      | Reached skill level 1 in Translocations
  1587 | D:2      | Reached XP level 4. HP: 24/24 MP: 7/11
  1628 | D:2      | Noticed Natasha
  1631 | D:2      | Killed Natasha
  1835 | D:2      | Noticed Natasha
  1838 | D:2      | Killed Natasha
  1943 | D:2      | Reached XP level 5. HP: 28/28 MP: 12/12
  2071 | D:3      | Found a burning altar of Makhleb.
  2073 | D:3      | Noticed a blizzard demon
  2691 | D:3      | Learned a level 4 spell: Fulminant Prism
  2696 | D:3      | Learned a level 4 spell: Iskenderun's Mystic Blast
  2706 | D:3      | Reached skill level 5 in Conjurations
  2912 | D:3      | Noticed a smoke demon
  2912 | D:3      | Noticed a ynoxinul
  2980 | D:4      | Reached skill level 4 in Spellcasting
  3090 | D:4      | Reached XP level 6. HP: 32/32 MP: 7/14
  3381 | D:4      | Noticed Edmund
  3395 | D:4      | Killed Edmund
  3396 | D:4      | Reached skill level 5 in Spellcasting
  3396 | D:4      | Reached XP level 7. HP: 36/36 MP: 16/16
  3450 | D:4      | Found Jieloecu's Antique Weapon Boutique.
  3591 | D:4      | Found a shimmering altar of Xom.
  3724 | D:4      | Found a blossoming altar of Fedhas.
  3833 | D:4      | Noticed Blork the orc
  3842 | D:4      | Killed Blork the orc
  3905 | D:4      | Noticed Grinder
  3918 | D:4      | Paralysed by Grinder for 2 turns
  3924 | D:4      | Killed Grinder
  3925 | D:4      | Reached skill level 6 in Spellcasting
  3925 | D:4      | Reached skill level 5 in Hexes
  4502 | D:5      | Entered Level 5 of the Dungeon
  4719 | D:5      | Reached XP level 8. HP: 12/41 MP: 14/19
  5064 | D:5      | Found a hide-covered altar of Uskayaw.
  5068 | D:5      | Found a sacrificial altar of Ru.
  5536 | D:5      | Reached skill level 5 in Translocations
  5639 | D:5      | Reached skill level 7 in Spellcasting
  6128 | D:6      | Noticed a komodo dragon
  6859 | D:6      | Reached XP level 9. HP: 40/45 MP: 7/22
  6859 | D:6      | Killed a komodo dragon
  6860 | D:6      | Reached skill level 8 in Spellcasting
  7373 | D:7      | Reached skill level 1 in Fighting
  7643 | D:7      | Found a staircase to the Ecumenical Temple.
  7651 | Temple   | Entered the Ecumenical Temple
  7766 | Temple   | Became a worshipper of Vehumet
  8060 | D:8      | Noticed Maurice
  8075 | D:8      | Killed Maurice
  8076 | D:8      | Reached skill level 9 in Spellcasting
  8569 | D:8      | Reached XP level 10. HP: 52/52 MP: 16/25
  9037 | D:8      | Noticed a two-headed ogre
  9041 | D:8      | Killed a two-headed ogre
  9504 | D:9      | Reached * piety under Vehumet
  9504 | D:9      | Offered knowledge of Foxfire by Vehumet.
  9602 | D:9      | Found an iron altar of Okawaru.
 10085 | D:9      | Reached skill level 5 in Stealth
 10350 | D:9      | Reached skill level 10 in Spellcasting
 10366 | D:9      | Noticed a two-headed ogre
 10838 | D:10     | Entered Level 10 of the Dungeon
 10879 | D:10     | Offered knowledge of Shock by Vehumet.
 10931 | D:10     | Reached ** piety under Vehumet
 11015 | D:10     | Reached skill level 5 in Dodging
 11079 | D:10     | Reached skill level 1 in Shields
 11245 | D:9      | Killed a two-headed ogre
 11246 | D:9      | Reached skill level 10 in Hexes
 11320 | D:10     | Noticed a two-headed ogre
 11329 | D:10     | Reached XP level 11. HP: 59/59 MP: 21/27
 11331 | D:10     | Killed a two-headed ogre
 11437 | D:10     | Noticed Gastronok
 11604 | D:10     | Noticed Erolcha
 11619 | D:10     | Killed Erolcha
 11848 | D:10     | Noticed Snorg
 11871 | D:10     | Killed Snorg
 11950 | D:10     | Found a runed translucent gate.
 11950 | D:10     | Found a runed translucent gate.
 11950 | D:10     | Found a runed translucent gate.
 11950 | D:10     | Noticed EarthwalkerPL's ghost (journeyman MiFi)
 12056 | D:10     | Reached skill level 11 in Spellcasting
 12063 | D:10     | Reached skill level 10 in Conjurations
 12132 | D:10     | Offered knowledge of Mephitic Cloud by Vehumet.
 12135 | D:10     | Identified the +3 hand axe of Infinity {vamp, Dex+4}
 12137 | D:10     | Learned a level 3 spell: Mephitic Cloud
 12692 | D:10     | Killed Gastronok
 12828 | D:11     | Reached *** piety under Vehumet
 13188 | D:11     | Noticed Henri's ghost (journeyman OpVM)
 13193 | D:11     | Noticed a wizard
 13201 | D:11     | Found a transporter.
 13233 | D:11     | Noticed a hell hog
 13237 | D:11     | Noticed a rakshasa
 13383 | D:11     | Noticed an oklob plant
 13385 | D:11     | Noticed Fannar
 13412 | D:11     | Killed Fannar
 13421 | D:11     | Reached XP level 12. HP: 31/65 MP: 4/29
 13687 | D:11     | Offered knowledge of Sticky Flame by Vehumet.
 13838 | D:11     | Found a staircase to the Lair.
 13852 | D:11     | Found a one-way gate to the infinite horrors of the Abyss.
 13885 | D:11     | Found Warruc's Magic Scroll Boutique.
 13890 | D:11     | Bought a scroll of fear for 60 gold pieces
 13903 | D:11     | Found a transporter.
 14023 | D:11     | Reached skill level 12 in Spellcasting
 15024 | D:11     | Reached skill level 10 in Translocations
 15288 | D:11     | Reached **** piety under Vehumet
 15525 | D:12     | Offered knowledge of Yara's Violent Unravelling by Vehumet.
 15899 | D:12     | Found a staircase to the Orcish Mines.
 16128 | D:12     | Reached skill level 13 in Spellcasting
 16207 | D:12     | Noticed a seven-headed hydra
 16217 | D:12     | Killed a seven-headed hydra
 17077 | Lair:1   | Entered Level 1 of the Lair of Beasts
 17467 | Lair:1   | Reached skill level 5 in Fighting
 17480 | Lair:1   | Noticed Nergalle
 17489 | Lair:1   | Killed Nergalle
 17490 | Lair:1   | Reached skill level 14 in Spellcasting
 17490 | Lair:1   | Reached XP level 13. HP: 63/72 MP: 6/33
 17755 | D:11     | Reached ***** piety under Vehumet
 17983 | Lair:1   | You fall into a shaft and drop 1 floor!
 18021 | Lair:2   | Found a staircase to the Shoals.
 18050 | Lair:2   | Offered knowledge of Starburst by Vehumet.
 18058 | Lair:2   | Learned a level 6 spell: Starburst
 18468 | Lair:2   | Reached skill level 1 in Fire Magic
 19013 | Lair:2   | Noticed a dire elephant
 19034 | Lair:2   | Found a runed translucent door.
 19143 | Lair:2   | Found a staircase to the Snake Pit.
 19626 | Lair:3   | Reached skill level 15 in Spellcasting
 19759 | Lair:3   | Noticed Kirke
 19772 | Lair:3   | Killed Kirke
 20048 | Lair:3   | Offered knowledge of Spellforged Servitor by Vehumet.
 20527 | Lair:4   | Reached skill level 5 in Fire Magic
 21075 | Lair:4   | Reached XP level 14. HP: 80/80 MP: 17/35
 21365 | Lair:4   | Reached skill level 16 in Spellcasting
 21493 | Lair:5   | Entered Level 5 of the Lair of Beasts
 21739 | Lair:5   | Offered knowledge of Lee's Rapid Deconstruction by Vehumet.
 21746 | Lair:5   | Learned a level 5 spell: Lee's Rapid Deconstruction
 22029 | Lair:5   | Found the +15 Maxwell's patent armour {-Cast -Tele rElec
                  | Will+ rCorr}
 22041 | Lair:5   | Reached skill level 1 in Earth Magic
 22140 | Lair:5   | Found a staircase to the Slime Pits.
 22146 | Lair:5   | Found a viscous altar of Jiyva.
 24274 | Lair:5   | Found a burning altar of Makhleb.
 24288 | Lair:5   | Found a gateway to Hell.
 24713 | Orc:1    | Entered Level 1 of the Orcish Mines
 24713 | Orc:1    | Found Foereowy's Magic Scroll Emporium.
 24915 | Orc:1    | Offered knowledge of Iron Shot by Vehumet.
 24923 | Orc:1    | Learned a level 6 spell: Iron Shot
 24926 | Orc:1    | Reached skill level 17 in Spellcasting
 25006 | Orc:1    | Found a runed translucent gate.
 25006 | Orc:1    | Found a runed translucent gate.
 25006 | Orc:1    | Found a runed translucent gate.
 25020 | Orc:1    | Noticed Henri's ghost (journeyman MiFi)
 25024 | Orc:1    | Found an iron altar of Okawaru.
 25199 | Orc:2    | Entered Level 2 of the Orcish Mines
 25830 | Orc:2    | Found Bamosuda's Jewellery Boutique.
 26374 | Orc:2    | Found a staircase to the Elven Halls.
 26459 | Orc:2    | Reached skill level 15 in Conjurations
 26740 | Orc:2    | Found Esemunle's Assorted Antiques.
 26740 | Orc:2    | Found Sutetuer's General Store.
 26742 | Orc:2    | Found Ruareg's Distillery.
 26744 | Orc:2    | Found Xurysyc's Magic Scroll Shop.
 26801 | Orc:2    | Noticed an orc warlord
 26812 | Orc:2    | Killed an orc warlord
 26813 | Orc:2    | Reached skill level 5 in Earth Magic
 26813 | Orc:2    | Reached XP level 15. HP: 86/86 MP: 5/38
 27015 | Orc:1    | Noticed Harold
 27020 | Orc:1    | Killed Harold
 27278 | D:13     | Found a gate to the Vaults.
 28615 | D:14     | Found a transporter.
 28620 | D:14     | Found a transporter.
 28626 | D:14     | Noticed Cown's ghost (journeyman TrHu)
 28627 | D:14     | Found a bloodstained altar of Trog.
 29356 | D:15     | Entered Level 15 of the Dungeon
 29366 | D:15     | Noticed Agnes
 29369 | D:15     | Killed Agnes
 29379 | D:15     | Reached skill level 18 in Spellcasting
 29887 | D:15     | Found Uguiheog's Weapon Shop.
 29924 | D:15     | Reached ****** piety under Vehumet
 30613 | D:15     | Found a staircase to the Depths.
 30699 | D:15     | Found a burning altar of Makhleb.
 30944 | D:15     | Found a burning altar of Makhleb.
 30944 | D:15     | Found the +14 obsidian axe {vorpal, Mesm Drain Fly SInv}
 31216 | D:10     | HP: 4/88 [EarthwalkerPL's ghost (5)]
 31223 | D:10     | Killed EarthwalkerPL's ghost
 31571 | D:11     | Offered knowledge of Orb of Destruction by Vehumet.
 31592 | D:11     | Killed Henri's ghost
 31598 | D:11     | Reached XP level 16. HP: 50/92 MP: 26/40
 31682 | D:11     | Learned a level 7 spell: Orb of Destruction
 31822 | Orc:1    | Killed Henri's ghost
 32550 | Orc:2    | Bought an amulet of regeneration for 480 gold pieces
 32604 | Elf:1    | Entered Level 1 of the Elven Halls
 32916 | Snake:1  | Entered Level 1 of the Snake Pit
 32926 | Snake:1  | Reached skill level 19 in Spellcasting
 33579 | Snake:1  | Learned a level 3 spell: Tukima's Dance
 34147 | Snake:2  | Noticed Jorgrun
 34155 | Snake:2  | Killed Jorgrun
 34156 | Snake:2  | Reached skill level 10 in Fire Magic
 35599 | Snake:3  | Killed from afar by a shock serpent

Illustrated notes

Levels and vault maps discovered:
D:1:      scummos_arrival_star, layout_basic, shapermc_ecumenical_altar_pompeii,
          st_stairs_7, minmay_misc_feat_cross, minmay_misc_feat_more_columns
D:2:      minmay_wonky_spiral, layout_loops_corners, grunt_ministairs_10,
          minmay_pentomino_o2, uniq_natasha
D:3:      layout_loops_corners, makhleb_altar_promises_db
D:4:      minmay_angry_zag, layout_basic, mainiacjoe_overflow_swirl,
          serial_shops, nicolae_shop_crystal, uniq_blork_the_orc, uniq_edmund,
          uniq_grinder
D:5:      nicolae_cairo_tiling_large, layout_basic, grunt_temple_overflow_open,
          serial_bayou_pond_d
D:6:      layout_basic, kennysheep_generic_room_8
D:7:      nicolae_cairo_tiling_very_big, layout_basic, minmay_temple_entry_wispy
D:8:      layout_basic, uniq_maurice
D:9:      layout_long_grid, mainiacjoe_overflow_alcove_1
D:10:     layout_loops_ring, serial_ice, serial_ice_f, serial_ice_d,
          serial_ice_k, serial_ice_h, serial_ice_b, serial_ice_o, serial_ice_g,
          serial_ice_n, serial_ice_a, serial_ice_c,
          gammafunk_ghost_nasty_kobolds, uniq_erolcha, uniq_snorg,
          uniq_gastronok
D:11:     layout_loops_ring, dpeg_oklobed_lair, gammafunk_ghost_abyssal_escape,
          serial_shops, shop, special_room [special_room_orc], centaur_isle,
          uniq_fannar
D:12:     layout_long_grid, david_orc_1_choice,
          nicolae_concentric_dashed_squares_wild, einodemon_barbed_minivault
D:13:     minmay_dotted_concentric_squares, layout_gridville
D:14:     layout_long_grid, hangedman_decor_slide_cut,
          gammafunk_ghost_wrathful_warriors
D:15:     grunt_enter_depths_hoard, layout_basic, serial_shops,
          nicolae_shop_bloodbath_and_beyond, grunt_guarded_unrand_obsidian_axe,
          uniq_agnes
Temple:   nicolae_temple_superstar
Lair:1:   layout_regular_city, disabler_island, grunt_megastairs_5,
          uniq_nergalle
Lair:2:   gammafunk_lair_enchanted_lake, layout_regular_city,
          minmay_shoals_entry_centaurs, minmay_snake_entry_guardpost_small
Lair:3:   layout_cave_shapes, beast_lair_carwin_9, uniq_kirke
Lair:4:   layout_gridlike, minmay_lindwurm_lava, grunt_megastairs_3
Lair:5:   evil_forest, layout_regular_city, minmay_slime_entry_pillars,
          dreamdust_deal_with_the_devil
Snake:1:  layout_rooms
Snake:2:  layout_layer_cave, uniq_jorgrun
Snake:3:  gammafunk_the_bubble [the_bubble_gammafunk_roulette],
          layout_onion_interference, serial_shops, shop, nicolae_shop_trees,
          nicolae_stop_n_shop_1, st_stairs_9
Orc:1:    layout_caves, serial_shops, shop, gammafunk_ghost_fury_of_okawaru,
          uniq_harold
Orc:2:    st_orc_rangers, layout_caves, serial_shops,
          nicolae_shop_advertising_works [nicolae_subvault_shop_adworks],
          mines2_lemuel
Elf:1:    minmay_guarded_unrand_folly, layout_geoelf_octagon,
          minmay_elf_annihilation

Skill      XL: |  1  2  3  4  5  6  7  8  9 10 11 12 13 14 15 16 |
---------------+-------------------------------------------------+-----
Hexes          | 1 2 3 4 5 7 8 10 | 10.0
Evocations     | 1 2 |  2.0
Throwing       | 1 2 |  2.0
Translocations | 1 2 3 4 5 7 8 9 10 | 10.0
Stealth        | 3 4 5 6 8 9 |  9.0
Dodging        | 3 4 5 6 |  6.0
Conjurations   | 5 6 7 8 9 10 12 13 15 16 | 16.9
Spellcasting   | 4 5 6 7 9 10 11 14 15 17 18 19 | 19.5
Fighting       | 1 2 3 5 6 7 8 |  8.4
Shields        | 1 3 4 |  4.0
Fire Magic     | 5 8 9 10 | 10.1
Earth Magic    | 5 8 9 |  9.8

Action                   |  1- 3 |  4- 6 |  7- 9 | 10-12 | 13-15 | 16-18 || total
-------------------------+-------+-------+-------+-------+-------+-------++-------
Melee: Short sword       |    13 |    29 |       |     4 |     1 |       ||    47
       Dagger            |       |       |     7 |       |       |       ||     7
       Staff             |       |       |       |       |     2 |     2 ||     4
Throw: Dart              |       |     6 |       |       |       |       ||     6
 Cast: Magic Dart        |    57 |    35 |    32 |    42 |     1 |       ||   167
       Searing Ray       |     3 |    18 |    43 |    17 |     2 |     1 ||    84
       Fulminant Prism   |       |       |    37 |   229 |   316 |    16 ||   598
       Iskenderun's Myst |       |       |     8 |    46 |   125 |    35 ||   214
       Starburst         |       |       |       |       |    22 |     9 ||    31
       Iron Shot         |       |       |       |       |    87 |    14 ||   101
       Lee's Rapid Decon |       |       |       |       |    19 |     6 ||    25
       Orb of Destructio |       |       |       |       |       |    28 ||    28
  Use: Scroll            |       |     1 |    12 |     4 |    11 |       ||    28
       Potion            |       |       |       |     2 |     3 |       ||     5
 Stab: Sleeping          |     5 |     2 |       |       |       |       ||     7
Armor: Robe              |     4 |     8 |     5 |     4 |    14 |     2 ||    37
Dodge: Dodged            |    12 |    29 |    30 |    53 |    69 |    17 ||   210
Block: Buckler           |       |       |       |    10 |    32 |    10 ||    52
       Reflection        |       |       |       |       |       |     6 ||     6
